 Dungeon Crawl Stone Soup version 0.25-a0-505-gae4569222e (webtiles) character file.

Game seed: 17211262090393999571, levelgen mode: deterministic

134 kae the Insei (level 4, -6/35 HPs)
             Began as a Demonspawn Gladiator on Feb 14, 2020.
             Mangled by an iguana (10 damage)
             ... on level 4 of the Dungeon.
             The game lasted 00:02:28 (3365 turns).

kae the Insei (Demonspawn Gladiator)                Turns: 3365, Time: 00:02:28

Health: -6/35      AC:  5    Str: 14    XL:     4   Next: 95%
Magic:  4/4        EV: 12    Int: 10    God:
Gold:   118        SH:  0    Dex: 15    Spells: 3/3 levels left

rFire    . . .     SeeInvis .     - Unarmed
rCold    . . .     Gourm    .   (no shield)
rNeg     . . .     Faith    .   a - +1 leather armour
rPois    .         Spirit   .   b - +0 helmet
rElec    .         Reflect  .   (no cloak)
rCorr    .         Harm     .   (no gloves)
MR       .....                  (no boots)
Stlth    +.........             (no amulet)
HPRegen  0.11/turn              (no ring)
MPRegen  0.09/turn              (no ring)

@: no status effects
A: powered by death 1
a: no special abilities


You were on level 4 of the Dungeon.
You were not hungry.

You visited 1 branch of the dungeon, and saw 4 of its levels.

You collected 118 gold pieces.

Inventory:

Missiles
 c - 4 throwing nets (quivered)
Armour
 a - a +1 leather armour (worn)
 b - a +0 helmet (worn)
Scrolls
 f - 2 scrolls of immolation
 n - a scroll of teleportation
Potions
 e - 3 potions of might
 h - a potion of flight {unknown}
 i - a potion of heal wounds {unknown}
 j - a potion of agility {unknown}
 k - a potion of curing {unknown}
Comestibles
 d - 7 rations
 g - a chunk of flesh


   Skills:
 + Level 3.2 Fighting
 - Level 1.7 Throwing
 - Level 2.6 Dodging
 * Level 4.5 Unarmed Combat


You had 3 spell levels left.
You didn't know any spells.
Your spell library was empty.

Dungeon Overview and Level Annotations

Branches:
Dungeon (4/15)
 Temple: D:4-7

Altars:
Cheibriados
Kikubaaqudgha

Annotations:
D:2 Sigmund
D:3 3 runed translucent doors, Error4North's ghost, amateur HOFi; Rasan's ghost, amateur MfSk; ahope9320's ghost, amateur DrCj


Innate Abilities, Weirdness & Mutations

You regenerate a little health from kills.


Message History

The iguana is almost dead.
The iguana closely misses you.
Okay, then.
You hit the iguana.
The iguana is almost dead.
The iguana misses you.
You hit the iguana but do no damage.
The iguana is almost dead.
The iguana bites you.
* * * LOW HITPOINT WARNING * * *
You barely miss the iguana.
The iguana is almost dead.
The iguana closely misses you.
You hit the iguana but do no damage.
The iguana is almost dead.
The iguana bites you but does no damage.
You hit the iguana but do no damage.
The iguana is almost dead.
The iguana bites you!
You die...

#§# ######### #§#
#>......+
#.######.####### ...
#............# .<###
########.###.# ....#
##[###.##### ....#
#..........# ....#
#..........# ....###
#.........@##.......
##.........l........
##..........%......
#........#####.$..
#........# ...
#######... . #....
#..... #......


You could see an iguana.

Vanquished Creatures
  5 adders
  3 dart slugs
  10 orcs
  2 ball pythons (D:2)
  3 giant cockroaches
  6 goblins
  11 hobgoblins
  6 jackals
  2 quokkas (D:3)
  5 bats
  6 frilled lizards
  5 kobolds
  6 rats
70 creatures vanquished.

Vanquished Creatures (others)
  A human (D:3)
1 creature vanquished.

Grand Total: 71 creatures vanquished

Notes
Turn   | Place    | Note
-------+----------+-------------------------------------------
     0 | D:1      | kae the Demonspawn Gladiator began the quest for the Orb.
     0 | D:1      | Reached XP level 1. HP: 16/16 MP: 1/1
    66 | D:1      | Reached skill level 3 in Unarmed Combat
   458 | D:1      | Gained mutation: You regenerate a little health from kills.
                  | [demonic ancestry]
   458 | D:1      | Reached XP level 2. HP: 22/22 MP: 2/2
  1043 | D:2      | Reached XP level 3. HP: 20/28 MP: 3/3
  1062 | D:2      | Noticed Sigmund
  1574 | D:2      | Reached skill level 4 in Unarmed Combat
  1852 | D:2      | Reached XP level 4. HP: 34/34 MP: 4/4
  1868 | D:2      | Found a snail-covered altar of Cheibriados.
  2249 | D:3      | Found an ancient bone altar of Kikubaaqudgha.
  2257 | D:3      | Noticed a human
  2258 | D:3      | Killed a human
  2269 | D:3      | Found a runed translucent gate.
  2270 | D:3      | Found a runed translucent gate.
  2270 | D:3      | Found a runed translucent gate.
  2271 | D:3      | Noticed ahope9320's ghost (amateur DrCj)
  2271 | D:3      | Noticed Error4North's ghost (amateur HOFi)
  2271 | D:3      | Noticed Rasan's ghost (amateur MfSk)
  3365 | D:4      | Mangled by an iguana

Levels and vault maps discovered:
D:1:      matt_arrival_refuge, layout_loops_ring
D:2:      layout_rooms, kennysheep_slug_shrine, uniq_sigmund
D:3:      layout_loops_cross, first_ration, gammafunk_ghost_cemetery,
          tgw_kikubaaqudgha
D:4:      wad_river_or_something, layout_basic, serial_shops,
          nicolae_shop_overgrown_old_shop

Skill      XL: |  1  2  3  4 |
---------------+-------------+-----
Unarmed Combat | 3 4 |  4.5
Fighting       | 3 |  3.2
Throwing       | |  1.7
Dodging        | |  2.6

Action                   |  1- 3 |  4- 6 || total
-------------------------+-------+-------++-------
Melee: Unarmed           |   151 |   145 ||   296
       Punch             |     2 |     4 ||     6
  Use: Scroll            |     2 |     6 ||     8
 Stab: Sleeping          |     3 |       ||     3
  Eat: Chunk             |     3 |     5 ||     8
Armor: Leather armour    |    42 |    25 ||    67
Dodge: Dodged            |   101 |    80 ||   181

Table legend:
 A = Non-vault XP
 B = Vault XP
 C = Vault XP percentage of total XP
 D = Non-vault monster count
 E = Vault monster count
 F = Vault count percentage of total count
                 A         B        C        D         E       F
            +---------+---------+-------+---------+---------+-------
      Total |     188 |       4 |   2.1 |      69 |       1 |   1.4
            +---------+---------+-------+---------+---------+-------
        D:1 |      30 |       0 |   0.0 |      17 |       0 |   0.0
        D:2 |      69 |       4 |   5.5 |      22 |       1 |   4.3
        D:3 |      65 |       0 |   0.0 |      25 |       0 |   0.0
        D:4 |      24 |       0 |   0.0 |       5 |       0 |   0.0
            +---------+---------+-------+---------+---------+-------
